 Dungeon Crawl Stone Soup version 0.29-a0-88-g03a7b78be7 (webtiles) character file.

Game seed: 17703327384437097213

7 dmks the Digger (level 2, 15/15 HPs)
             Began as a Gargoyle Earth Elementalist on Feb 5, 2022.
             Was a Follower of Wu Jian.
             Quit the game on level 1 of the Dungeon.
             The game lasted 00:00:45 (176 turns).

dmks the Digger (Gargoyle Earth Elementalist)        Turns: 176, Time: 00:00:45

Health: 15/15      AC:  4    Str: 11    XL:     2   Next: 4%
Magic:  4/5        EV: 12    Int: 15    God:    Wu Jian [*.....]
Gold:   6          SH:  0    Dex: 10    Spells: 4/5 levels left

rFire   . . .      SeeInvis .   (no weapon)
rCold   . . .      Faith    .   (no shield)
rNeg    + . .      Spirit   .   b - +0 robe
rPois   ∞          Reflect  .   (no helmet)
rElec   +          Harm     .   (no cloak)
rCorr   .          Rampage  .   (no gloves)
Will    .....                   (no boots)
Stlth   ++........              (no amulet)
HPRegen 0.05/turn               (no ring)
MPRegen 0.09/turn               (no ring)

@: no status effects
A: sickness immunity, AC +2, negative energy resistance 1, electricity
resistance, torment resistance 1, petrification resistance
a: Renounce Religion


You were on level 1 of the Dungeon.
You worshipped Wu Jian.
Wu Jian was aware of your devotion.
You visited 1 branch of the dungeon, and saw 1 of its levels.

You collected 6 gold pieces.

Inventory:

Missiles
 c - 45 stones
Armour
 b - a +0 robe (worn)
Potions
 a - a potion of brilliance {unknown}


   Skills:
 + Level 1.7 Dodging
 + Level 2.3 Stealth
 + Level 2.0 Spellcasting
 + Level 1.0 Transmutations
 * Level 3.8 Earth Magic


You had 4 spell levels left.
You knew the following spells:

 Your Spells              Type           Power      Damage    Failure   Level
a - Sandblast             Erth           26%        2d8       4%          1

Your spell library contained the following spells:

 Spells                   Type           Power      Damage    Failure   Level
 Passwall                 Tmut/Erth      6%         N/A       12%         2
 Stone Arrow              Conj/Erth      14%        3d7       30%         3
 Petrify                  Tmut/Erth      8%         N/A       63%         4


Dungeon Overview and Level Annotations

Branches:
Dungeon (1/15)

Altars:
Wu Jian


Innate Abilities, Weirdness & Mutations

You are immune to sickness and miasma.
Your stone body is resilient. (AC +2)
You are immune to poison.
You resist negative energy. (rN+)
You are resistant to electric shocks. (rElec)
You are resistant to unholy torment.
You are immune to petrification.


Message History

A rat comes into view.
A rat is nearby!
Aim: a rat (79% to hit)
The blast of sand hits the rat.
You kill the rat!
There is a shaft here.
Found 2 poisoned darts.
A dart slug comes into view.
A dart slug is nearby!
Aim: a dart slug (100% to hit)
The blast of sand hits the dart slug!
Aim: a dart slug (almost dead, 100% to hit)
The blast of sand hits the dart slug.
You kill the dart slug!
You see here a dart slug corpse.
An endoplasm comes into view.
An endoplasm is nearby!
An endoplasm is nearby!
You can't see any susceptible monsters within range! (Use Z to cast anyway.)
You can't see any susceptible monsters within range! (Use Z to cast anyway.)
Aim: an endoplasm (asleep, 100% to hit)
The blast of sand hits the endoplasm.
The endoplasm quivers.
Aim: an endoplasm (heavily wounded, 98% to hit)
The blast of sand hits the endoplasm!
You kill the endoplasm!
Your Transmutations skill increases to level 1!
Okay, then.
A goblin comes into view. It is wielding a +0 club.
A goblin is nearby!
A goblin is nearby!
The goblin shouts!
Found a ring mail.
Aim: a goblin, wielding a +0 club (74% to hit)
The blast of sand hits the goblin.
You kill the goblin!
You have reached level 2!
Found a faded altar of an unknown god.
Found a stone staircase leading down.
You see here a +0 club.
There is a faded altar of an unknown god here.
You cannot tell which god this altar belongs to.
Convert to them anyway?
Okay, then.
There is a faded altar of an unknown god here.
You cannot tell which god this altar belongs to.
Convert to them anyway?
Wu Jian accepts your prayer! The Council welcomes you!
You can now perform damaging attacks by moving towards foes.
You can now lightly attack monsters by moving around them.
You see here a +0 ring mail.
Enter note:

.......####.###.#####
................>...
.......####.###...#
.......####.# #...#
............###...#
##.###.#......)...#.#
#.# #.#.###........#
#.# #.#.###.##.##..#
#.# #.#.##..#..@#..#
#.# #.#.##...._....#
##(# #.#.....#...#..#
...# #.#####.##.##.##
....# #..... # ....#
##..# ##..# #..#
.....# #..# .....#
#..#


There were no monsters in sight!

Vanquished Creatures
  A dart slug (D:1)
  2 endoplasms (D:1)
  A goblin (D:1)
  A rat (D:1)
5 creatures vanquished.

Notes
Turn   | Place    | Note
-------+----------+-------------------------------------------
     0 | D:1      | dmks the Gargoyle Earth Elementalist began the quest for
                  | the Orb.
     0 | D:1      | Reached XP level 1. HP: 10/10 MP: 3/3
   128 | D:1      | Reached skill level 1 in Transmutations
   163 | D:1      | Reached XP level 2. HP: 15/15 MP: 3/5
   164 | D:1      | Found a faded altar of an unknown god.
   173 | D:1      | Prayed at the altar of an unknown god.
   173 | D:1      | Became a worshipper of the Wu Jian Council
   173 | D:1      | Reached * piety under Wu Jian
   176 | D:1      | Quit the game

Illustrated notes

Levels and vault maps discovered:
D:1:      dpeg_arrival_pond, layout_basic, ebering_ecumenical_altar_box

Skill      XL: |  1 |
---------------+----+-----
Transmutations | 1 |  1.0
Dodging        | |  1.7
Stealth        | |  2.3
Spellcasting   | |  2.0
Earth Magic    | |  3.8

Action                   || total
-------------------------++-------
 Cast: Sandblast         ||     7

Table legend: (Time is in decaauts)
 A = Elapsed time spent in this place.
 B = Non-inter-level travel time spent in this place.
 C = Inter-level travel time spent in this place.
 D = Time resting spent in this place.
 E = Time spent auto-exploring this place.
 F = Levels seen in this place.
 G = Mean time per level.
                   A        B        C        D        E       F      G
               +--------+--------+--------+--------+--------+-----+--------+
         Total |    176 |    176 |      0 |      0 |    133 |   1 |  176.0 |
       Dungeon |    176 |    176 |      0 |      0 |    133 |   1 |  176.0 |
               +--------+--------+--------+--------+--------+-----+--------+

Top non-repeatable levels by time:
     D:1: 176 daAuts
